 Dungeon Sprint DCSS version 0.31-a0-818-ge7c7cf74f0 (webtiles) character file.

Game seed: 15896018875304373566

0 sircluck the Ruffian (level 1, -5/33 HPs)
             Began as a Troll Berserker on Sept 23, 2023.
             Was a Follower of Trog.
             Slain by a warg (16 damage)
             ... led by an orc high priest
             ... in the Dungeon (Sprint VII: "The Pits").
             The game lasted 00:00:08 (19 turns).

sircluck the Ruffian (Troll Berserker)                Turns: 19, Time: 00:00:08

Health: -5/33      AC:  4    Str: 24    XL:     1   Next: 0%
Magic:  0/0        EV: 10    Int:  3    God:    Trog [*.....]
Gold:   0          SH:  0    Dex:  9    Spells: 0/0 levels left

rFire   . .          .
                       - Unarmed
rCold   . . .        (no shield)
rNeg    . . .        a - +0 animal skin
rPois   .            (helmet restricted)
rElec   .            (no cloak)
rCorr   .            (gloves unavailable)
SInv    .            (boots unavailable)
Will    .....        (no amulet) Stlth
                     (no ring)
HPRegen 1.05/turn    (no ring)
MPRegen 0.07/turn

%: no teleportation
@: berserking, very quick
A: large, unfitting armour, claws 3, regeneration 1, shaggy fur 1, tough skin 1
a: Renounce Religion, Berserk


You were in the Dungeon.
You worshipped Trog.
Trog was aware of your devotion.
You visited 1 branch

Inventory:

Armour
 a - a +0 animal skin (worn)
Scrolls
 g - a scroll of blinking
Potions
 b - a potion of curing
 c - a potion of heal wounds
 d - a potion of haste
 e - 2 potions of magic
 f - a potion of berserk rage


   Skills:
 + Level 2.4 Fighting
 + Level 2.4 Dodging
 + Level 3.0 Unarmed Combat


You couldn't memorise any spells.
You didn't know any spells.
Your spell library was empty.

Dungeon Overview and Level Annotations

Branches:
Dungeon (1/1)

Altars:


Innate Abilities, Weirdness & Mutations

You are too large for most types of armour.
You have claws for hands.
Your natural rate of healing is unusually fast.
You are covered in fur. (AC +1)
You have tough skin. (AC +1)


Message History

Found a staircase leading out of the dungeon.
You open the door.
There is an open door to the Entrance Hall (Safe) here.
You open the huge gate.
A warg, an orc priest, an orc wizard and an orc warrior come into view.
The warg howls!
The orc priest shouts!
The orc wizard shouts!
The orc warrior shouts!
You close the huge gate.
An orc warrior opens the huge gate.
An orc high priest comes into view. It is wielding a +0 mace.
A red film seems to cover your vision as you go berserk!
You feel yourself moving faster!
You feel mighty!
The orc high priest shouts!
The orc high priest calls down the wrath of Beogh upon you.
Beogh smites you!
You feel a strong urge to attack something.
There is a huge open gate to the Metal Vault (Medium) here.
You closely miss the orc warrior.
A gnoll comes into view. It is wielding a +0 spear.
The orc wizard mumbles some strange words.
The orc wizard flickers and vanishes!
Deactivating autopickup; reactivate with Ctrl-A.
The orc warrior hits you with a +0 mace.
The warg closely misses you.
You claw the orc warrior!
The orc warrior is severely wounded.
A spriggan comes into view. It is wielding a +0 dagger.
The orc warrior hits you with a +0 mace!
* * * LOW HITPOINT WARNING * * *
The spriggan shouts!
You scratch the orc warrior but do no damage.
The orc warrior is severely wounded.
You hear a howl!
The warg bites you but does no damage.
A warg comes into view.
You claw the orc warrior!
You kill the orc warrior!
Trog accepts your kill. The warg bites you!
You die...

##########++######
#................#
#......#..#......#
#................+
+................+
#......#..#......#
#................#
####'#####@'######
#.......##)h#
#.......##o{#
#.......##...
#...<...###.go
#.......# #h..
#.......# .###
#.......# ##
#########


You could see an orc high priest, 2 wargs, an orc priest and a gnoll.

Vanquished Creatures
  An orc warrior (D)
1 creature vanquished.

Notes
Turn   | Place    | Note
-------+----------+-------------------------------------------
     0 | D        | sircluck the Troll Berserker began the quest for the Orb.
     0 | D        | Reached XP level 1. HP: 22/22 MP: 0/0
    11 | D        | Noticed a warg
    11 | D        | Noticed an orc priest
    11 | D        | Noticed an orc wizard
    11 | D        | Noticed an orc warrior
    14 | D        | Noticed an orc high priest
    17 | D        | Noticed a spriggan
    18 | D        | Noticed a warg
    19 | D        | Killed an orc warrior
    19 | D        | Slain by a warg

Illustrated notes

Levels and vault maps discovered:
D:        pitsprint [storerooms_1, entrance_room_1, metal_vault_5, armoury_3,
          mini_pit_1, grid_room_1, main_hall_1, silver_pit, the_coven_1,
          the_vestibule_1, steel_vault_3, golden_pit, hallway_of_sentries,
          crystal_vault_6, iron_vault_2, final_vault]

Action                     || total
---------------------------++-------
  Melee: Unarmed           ||     4
 Invoke: Berserk           ||     1
 Armour: Animal skin       ||     4
  Dodge: Dodged            ||     1

Table legend: (Time is in decaauts)
 A = Elapsed time spent in this place.
 B = Non-inter-level travel time spent in this place.
 C = Inter-level travel time spent in this place.
 D = Time resting spent in this place.
 E = Time spent auto-exploring this place.
 F = Levels seen in this place.
 G = Mean time per level.
                   A        B        C        D        E       F      G
               +--------+--------+--------+--------+--------+-----+--------+
         Total |     17 |     17 |      0 |      0 |     11 |   1 |   17.0 |
       Dungeon |     17 |     17 |      0 |      0 |     11 |   1 |   17.0 |
               +--------+--------+--------+--------+--------+-----+--------+

Top non-repeatable levels by time:
       D: 17 daAuts
